[Event "Team 45 45 League T93"]
[Site "Internet Chess Club"]
[Date "2022.08.01"]
[Round "3"]
[White "nosir"]
[Black "kabindra"]
[Result "0-1"]
[WhiteElo "1350"]
[BlackElo "1781"]
[Opening "Queen's pawn, Mason variation, Steinitz counter-gambit"]
[ECO "D00"]
[Time "15:02:21"]
[PlyCount "118"]
[TimeControl "2700+45"]

1. d4 d5 2. Bf4 c5 3. e3 cxd4 4. exd4 Nc6 5. c3 f6 6. Bd3 Be6 7. Nf3 g5 8. Bg3
Nh6 9. h3 Bf7 10. Qc2 e6 11. Nbd2 Bd6 12. Bxd6 Qxd6 13. Bxh7 g4 14. hxg4 Nxg4
15. O-O-O Nxf2 16. Nh4 Nxh1 17. Rxh1 O-O-O 18. Bd3 Qf4 19. g3 Qxg3 20. Ndf3 Rh6
21. Qh2 Qxh2 22. Rxh2 Rdh8 23. Rf2 Bh5 24. Nd2 f5 25. Nhf3 Bg4 26. Ng5 Rh1+ 27.
Kc2 Bd1+ 28. Kc1 Be2+ 29. Kc2 Bxd3+ 30. Kxd3 Nd8 31. Ndf3 R8h6 32. Kc2 R1h5 33.
a4 Rg6 34. Nxe6 Nxe6 35. Ne5 Rgh6 36. Kb3 f4 37. Nf7 Rh2 38. Rf3 R6h3 39. Rf1
Nxd4+ 40. Ka3 Ne6 41. Nd6+ Kc7 42. Ne8+ Kd8 43. Nf6 Rd3 44. Rg1 Rh8 45. Kb4 f3
46. Rf1 Rh2 47. Ng4 Rxb2+ 48. Ka3 Rc2 49. Ne5 Rcxc3+ 50. Kb2 Re3 51. Ng4 Rb3+
52. Kc1 Rec3+ 53. Kd2 d4 54. Re1 Rb2+ 55. Kd1 Rb1+ 56. Kd2 Rxe1 57. Kxe1 Rc2 58.
Ne5 Ng5 59. Nd3 Ne4 {White resigns} 0-1

[Event "Team 45 45 League T93"]
[Site "Internet Chess Club"]
[Date "2022.07.30"]
[Round "3"]
[White "jjmolina1"]
[Black "g8wrb"]
[Result "1-0"]
[WhiteElo "1447"]
[BlackElo "1263"]
[Opening "French: classical, Steinitz variation"]
[ECO "C14"]
[Time "10:02:24"]
[PlyCount "165"]
[TimeControl "2700+45"]

1. e4 e6 2. d4 d5 3. Nc3 Nf6 4. Bg5 Be7 5. e5 Nfd7 6. Bxe7 Qxe7 7. f4 c5 8. Nb5
O-O 9. Nc7 Nb6 10. Nxa8 Nxa8 11. Nf3 cxd4 12. Qxd4 Nc6 13. Qd2 Nb6 14. Nd4 Bd7
15. Nxc6 bxc6 16. a4 Rb8 17. c3 c5 18. Qc2 a5 19. Bb5 Nc4 20. Bxc4 dxc4 21. O-O
Bc6 22. Rfd1 Bd5 23. Qf2 g6 24. Rd2 Rb3 25. Ra2 Qc7 26. Qe3 Qc6 27. Qf2 Qb6 28.
Qg3 Kf8 29. h4 h5 30. Qg5 Qc7 31. Qf6 Kg8 32. Qg5 Rb8 33. g4 Qd8 34. gxh5 Qxg5+
35. hxg5 gxh5 36. Kh2 Kg7 37. Kg3 Kg6 38. Rh2 Rh8 39. Ra1 Rh7 40. Re1 Kf5 41.
Rh4 Be4 42. Kf2 Bd3 43. Ke3 Kg6 44. Rd1 Kg7 45. Rd2 Kf8 46. Rdh2 Bg6 47. Rd2 Bd3
48. Rxd3 cxd3 49. Kxd3 Kg7 50. Kc4 Kg6 51. Kxc5 Rh8 52. Kb5 Rb8+ 53. Kxa5 Rxb2
54. Ka6 Rb3 55. a5 Rxc3 56. Kb7 Rb3+ 57. Kc6 Ra3 58. Kb5 Rb3+ 59. Kc4 Ra3 60.
Kb4 Ra1 61. Rh3 Kf5 62. Rxh5 Kxf4 63. Rh7 Rb1+ 64. Kc5 Kxe5 65. Rxf7 Rc1+ 66.
Kb6 Rb1+ 67. Ka7 Rb5 68. a6 Kd6 69. g6 Rg5 70. g7 e5 71. Kb7 Ke6 72. a7 Kxf7 73.
a8=Q Rxg7 74. Qh8 Kf6+ 75. Kb6 Kf7 76. Qh5+ Rg6+ 77. Kc5 Kf6 78. Qh8+ Rg7 79.
Kd5 Kf7 80. Kxe5 Rg5+ 81. Kf4 Rg8 82. Qh5+ Rg6 83. Kf5 {Black resigns} 1-0

[Event "Team 45 45 League T93"]
[Site "Internet Chess Club"]
[Date "2022.07.31"]
[Round "3"]
[White "SeniorCitizen"]
[Black "olivermx"]
[Result "1-0"]
[WhiteElo "1285"]
[BlackElo "1325"]
[Opening "Danish gambit: Sorensen defense"]
[ECO "C21"]
[Time "15:00:43"]
[PlyCount "77"]
[TimeControl "2700+45"]

1. e4 e5 2. d4 exd4 3. c3 d5 4. Qxd4 dxe4 5. Qxd8+ Kxd8 6. Bc4 f5 7. Ne2 Nc6 8.
O-O Bd6 9. Bf4 Nf6 10. Bxd6 cxd6 11. Rd1 Ke7 12. Nf4 Ne5 13. Nd5+ Nxd5 14. Bxd5
Rb8 15. Na3 a6 16. Bc4 b5 17. Be2 Be6 18. Rd2 d5 19. Nc2 f4 20. Nb4 Rbd8 21.
Nxa6 Rd6 22. Nb4 Rhd8 23. Rad1 Nc4 24. Bxc4 dxc4 25. Rxd6 Rxd6 26. Rxd6 Kxd6 27.
Kf1 Ke5 28. a3 Bd7 29. Nc2 g5 30. Ke1 g4 31. g3 h5 32. Ke2 Be8 33. Nd4 Bd7 34.
b4 cxb3 35. Nxb3 f3+ 36. Ke3 Kd5 37. Nd2 Be8 38. Nxe4 Kc4 39. Nd6+ {Black
resigns} 1-0

[Event "Team 45 45 League T93"]
[Site "Internet Chess Club"]
[Date "2022.07.29"]
[Round "3"]
[White "elmaestro"]
[Black "room-matt"]
[Result "0-1"]
[WhiteElo "1655"]
[BlackElo "1787"]
[Opening "English opening"]
[ECO "A20"]
[Time "14:44:51"]
[PlyCount "66"]
[TimeControl "2700+45"]

1. c4 e5 2. g3 Nf6 3. Bg2 Bc5 4. e3 O-O 5. Ne2 Nc6 6. O-O Re8 7. Nbc3 d6 8. a3
a5 9. d3 Be6 10. d4 exd4 11. exd4 Nxd4 12. Nxd4 Bxc4 13. Nde2 Ba6 14. Bg5 h6 15.
Bxf6 Qxf6 16. Ne4 Qxb2 17. Re1 Rad8 18. Rb1 Qxa3 19. Nf4 c6 20. Nf6+ gxf6 21.
Qg4+ Kf8 22. Qh4 Bxf2+ 23. Kxf2 Qc5+ 24. Kf3 Qc3+ 25. Kg4 Rxe1 26. Rxe1 Qxe1 27.
Qxf6 Ke8 28. Kh4 a4 29. Qh8+ Kd7 30. Bh3+ Kc7 31. Qg7 Qe7+ 32. Kh5 Qe5+ 33. Kxh6
Rh8+ {White resigns} 0-1

[Event "Team 45 45 League T93"]
[Site "Internet Chess Club"]
[Date "2022.08.01"]
[Round "3"]
[White "Electryon"]
[Black "burlap"]
[Result "1/2-1/2"]
[WhiteElo "1428"]
[BlackElo "1437"]
[Opening "English, 1...Nf6 (Anglo-Indian defense)"]
[ECO "A15"]
[Time "21:00:26"]
[PlyCount "64"]
[TimeControl "2700+45"]

1. c4 Nf6 2. g3 g6 3. Bg2 Bg7 4. Nc3 O-O 5. d3 d6 6. e4 c5 7. Nge2 Nc6 8. O-O a6
9. Rb1 Rb8 10. a3 b5 11. cxb5 axb5 12. b4 Ba6 13. Bf4 Nd7 14. Qd2 cxb4 15. axb4
Nde5 16. Rfd1 e6 17. Bh6 Bxh6 18. Qxh6 Ne7 19. Ra1 Bc8 20. Qe3 Bd7 21. Nd4 N7c6
22. Nxc6 Nxc6 23. Rdb1 Qf6 24. Ne2 e5 25. f4 exf4 26. Qxf4 Qxf4 27. Nxf4 Ra8 28.
Nd5 Rxa1 29. Rxa1 Be6 30. Nc7 Nxb4 31. Nxb5 Nxd3 32. Nxd6 Rd8 {Game drawn by
mutual agreement} 1/2-1/2

[Event "Team 45 45 League T93"]
[Site "Internet Chess Club"]
[Date "2022.07.29"]
[Round "3"]
[White "jcule"]
[Black "clarinetref"]
[Result "1/2-1/2"]
[WhiteElo "1338"]
[BlackElo "1459"]
[Opening "Queen's pawn: Torre attack"]
[ECO "A46"]
[Time "12:02:53"]
[PlyCount "83"]
[TimeControl "2700+45"]

1. d4 Nf6 2. Nf3 e6 3. Bg5 Be7 4. e3 b6 5. c4 h6 6. Bh4 Bb7 7. Be2 d5 8. cxd5
Nxd5 9. Bxe7 Qxe7 10. O-O O-O 11. Nc3 Nd7 12. Nxd5 Bxd5 13. b3 a5 14. Bc4 Bb7
15. d5 exd5 16. Bxd5 c6 17. Bc4 Rfd8 18. Qc2 Nc5 19. Rfd1 b5 20. Be2 Na6 21.
Rxd8+ Rxd8 22. Rd1 Rc8 23. Qd2 Qb4 24. Qd7 Nc5 25. Qe7 Ba6 26. Rd8+ Rxd8 27.
Qxd8+ Kh7 28. Bd3+ Nxd3 29. Qxd3+ Kg8 30. h3 Qe7 31. a4 Qc5 32. Qd8+ Kh7 33.
Qxa5 Bc8 34. axb5 cxb5 35. b4 Qc6 36. Kh2 Qd6+ 37. Kh1 Qd1+ 38. Kh2 Qd6+ 39. Kh1
Qd1+ 40. Kh2 Qd6+ 41. Kh1 Qd1+ 42. Kh2 {Game drawn by repetition} 1/2-1/2

[Event "Team 45 45 League T93"]
[Site "Internet Chess Club"]
[Date "2022.07.31"]
[Round "3"]
[White "DaveTheRook"]
[Black "Fulmar"]
[Result "1-0"]
[WhiteElo "1385"]
[BlackElo "1200"]
[Opening "QGA: 3.e4"]
[ECO "D20"]
[Time "18:31:08"]
[PlyCount "61"]
[TimeControl "2700+45"]

1. d4 d5 2. c4 dxc4 3. e4 Nf6 4. Nc3 e6 5. a3 a6 6. Bxc4 b5 7. Ba2 Bb7 8. f3 Be7
9. Be3 O-O 10. Nge2 c6 11. O-O Nbd7 12. Qc2 Qb6 13. Bf2 Qc7 14. e5 Ne8 15. Ne4
Rc8 16. b4 Qb8 17. Qd2 Nc7 18. N2c3 Nb6 19. Qd3 Ncd5 20. Nxd5 cxd5 21. Nc5 Bxc5
22. bxc5 Nc4 23. Bb1 g6 24. Ra2 Rc7 25. Bh4 Bc6 26. Bf6 Be8 27. f4 h6 28. Qh3
Kh7 29. g4 Rg8 30. g5 h5 31. Qxh5# {Black checkmated} 1-0

[Event "Team 45 45 League T93"]
[Site "Internet Chess Club"]
[Date "2022.07.29"]
[Round "3"]
[White "primerpaso"]
[Black "Packerfan"]
[Result "1/2-1/2"]
[WhiteElo "1823"]
[BlackElo "1742"]
[Opening "English: Carls' Bremen system"]
[ECO "A22"]
[Time "15:00:53"]
[PlyCount "117"]
[TimeControl "2700+45"]

1. c4 e5 2. Nc3 Nf6 3. g3 Bc5 4. Bg2 c6 5. e4 d6 6. Nge2 O-O 7. O-O Nbd7 8. h3
a5 9. Kh2 Re8 10. d4 Ba7 11. Be3 Nf8 12. f4 exd4 13. Bxd4 Ne6 14. Bxa7 Rxa7 15.
Qc2 Nc5 16. Rfe1 Qc7 17. Rad1 Be6 18. b3 Raa8 19. Rd2 Rad8 20. Nd4 Bc8 21. Qd1
Kh8 22. g4 Ng8 23. Qf3 f6 24. h4 Nh6 25. Bh3 Nf7 26. Re3 Rf8 27. h5 Rde8 28. Qg3
Qe7 29. Rde2 Qc7 30. Bg2 Nh6 31. Bf3 Nf7 32. Nd1 Re7 33. Nf2 Rfe8 34. Nh3 d5 35.
cxd5 cxd5 36. Nf2 dxe4 37. Nxe4 Nxe4 38. Bxe4 Nd6 39. Bd3 Kg8 40. Kh3 b6 41.
Rxe7 Rxe7 42. Qe1 Rxe2 43. Qxe2 Qc1 44. Bc4+ Kf8 45. Bd5 Qxf4 46. Ne6+ Bxe6 47.
Qxe6 Qe5 48. Qg8+ Ke7 49. Qxg7+ Kd8 50. Qg8+ Ke7 51. Qxh7+ Kd8 52. Qg8+ Ke7 53.
Qg7+ Kd8 54. Qg8+ Ke7 55. h6 Qe3+ 56. Kh4 Qxh6+ 57. Kg3 Qe3+ 58. Kh4 Qh6+ 59.
Kg3 {Game drawn by mutual agreement} 1/2-1/2

[Event "Team 45 45 League T93"]
[Site "Internet Chess Club"]
[Date "2022.07.27"]
[Round "3"]
[White "vollmerj"]
[Black "QuieroAprender"]
[Result "0-1"]
[WhiteElo "1478"]
[BlackElo "1664"]
[Opening "Réti: King's Indian attack (Barcza system)"]
[ECO "A07"]
[Time "21:01:10"]
[PlyCount "92"]
[TimeControl "2700+45"]

1. Nf3 d5 2. g3 Nf6 3. Bg2 e6 4. d4 Be7 5. O-O O-O 6. Bf4 c5 7. c3 Qb6 8. Qb3
Qxb3 9. axb3 Nc6 10. Rd1 Nh5 11. Be3 cxd4 12. Nxd4 a6 13. Nxc6 bxc6 14. c4 Nf6
15. cxd5 cxd5 16. Nc3 Rb8 17. Rd2 Rxb3 18. Na4 Nd7 19. Rc2 Bd6 20. Rc6 Be5 21.
Bc5 Nxc5 22. Rxc5 Bxb2 23. Rb1 Bd7 24. Nxb2 Rfb8 25. Rc2 a5 26. e4 a4 27. exd5
a3 28. dxe6 Bxe6 29. Be4 Rxb2 30. Rcxb2 Rxb2 31. Ra1 a2 32. Kf1 Bc4+ 33. Kg1 Bb3
34. Rc1 Bc2 35. Bxc2 Rxc2 36. Ra1 Rb2 37. Kg2 f5 38. Kf3 Kf7 39. Ke3 Ke6 40. h4
h6 41. f4 Kd5 42. Kd3 Rb3+ 43. Kc2 Rxg3 44. Rxa2 Rg2+ 45. Kb3 Rxa2 46. Kxa2 Ke4
{White resigns} 0-1

[Event "Team 45 45 League T93"]
[Site "Internet Chess Club"]
[Date "2022.07.29"]
[Round "3"]
[White "kabindra"]
[Black "RD1974"]
[Result "1-0"]
[WhiteElo "1719"]
[BlackElo "1573"]
[Opening "Sicilian: closed"]
[ECO "B23"]
[Time "17:00:26"]
[PlyCount "61"]
[TimeControl "2700+45"]

1. e4 c5 2. Nc3 e6 3. Bc4 a6 4. a4 Qc7 5. d3 Nc6 6. f4 Rb8 7. Nf3 Na5 8. Ba2 b5
9. axb5 axb5 10. O-O c4 11. f5 Bd6 12. fxe6 dxe6 13. Qe1 cxd3 14. cxd3 Bb4 15.
Ng5 Qb6+ 16. Be3 Bc5 17. d4 Bxd4 18. Bxd4 Qxd4+ 19. Kh1 Nf6 20. e5 Qg4 21. Nxf7
O-O 22. exf6 Rxf7 23. Qe5 Rb6 24. Ne4 Nc4 25. Bxc4 bxc4 26. Ra8 Rc6 27. h3 Qg6
28. Nd6 gxf6 29. Qxe6 Rxd6 30. Rxc8+ Kg7 31. Qxd6 {Black resigns} 1-0

[Event "Team 45 45 League T93"]
[Site "Internet Chess Club"]
[Date "2022.08.01"]
[Round "3"]
[White "tightfist"]
[Black "jjmolina1"]
[Result "1/2-1/2"]
[WhiteElo "1450"]
[BlackElo "1447"]
[Opening "English: symmetrical, four knights system"]
[ECO "A30"]
[Time "12:08:47"]
[PlyCount "62"]
[TimeControl "2700+45"]

1. Nf3 Nf6 2. c4 c5 3. Nc3 Nc6 4. e3 g6 5. d4 cxd4 6. exd4 d5 7. b3 Bg4 8. Be2
e6 9. O-O Bg7 10. Bg5 h6 11. Be3 Ne4 12. Nxe4 dxe4 13. Ne5 Bxe2 14. Qxe2 Nxe5
15. dxe5 Bxe5 16. Rad1 Qc7 17. g3 f5 18. Bd4 O-O-O 19. Qb2 Rxd4 20. Rxd4 Qg7 21.
Rfd1 Bxd4 22. Rxd4 Rg8 23. Qd2 Qf6 24. Rd6 Rd8 25. Rxd8+ Qxd8 26. Qxh6 Qd1+ 27.
Kg2 Qf3+ 28. Kg1 Qd1+ 29. Kg2 Qf3+ 30. Kf1 Qd1+ 31. Kg2 Qf3+ {Game drawn by
repetition} 1/2-1/2

[Event "Team 45 45 League T93"]
[Site "Internet Chess Club"]
[Date "2022.07.31"]
[Round "3"]
[White "Goli"]
[Black "cool64chess"]
[Result "1/2-1/2"]
[WhiteElo "1790"]
[BlackElo "1996"]
[Opening "French: exchange variation"]
[ECO "C01"]
[Time "12:01:45"]
[PlyCount "40"]
[TimeControl "2700+45"]

1. e4 e6 2. d4 d5 3. exd5 exd5 4. Bd3 Nc6 5. Nf3 Bg4 6. Be3 Bd6 7. h3 Bh5 8. O-O
Qd7 9. c3 Nge7 10. Nbd2 f6 11. b4 O-O-O 12. a4 g5 13. a5 Rdg8 14. b5 Nb8 15. b6
a6 16. bxc7 Qxc7 17. c4 Bg6 18. Bxg6 hxg6 19. cxd5 Nxd5 20. Ne4 Nc6 {Game drawn
by mutual agreement} 1/2-1/2

[Event "Team 45 45 League T93"]
[Site "Internet Chess Club"]
[Date "2022.07.29"]
[Round "3"]
[White "fhunfi"]
[Black "cysk"]
[Result "1/2-1/2"]
[WhiteElo "1714"]
[BlackElo "1710"]
[Opening "Scandinavian: Pytel-Wade variation"]
[ECO "B01"]
[Time "20:01:18"]
[PlyCount "36"]
[TimeControl "2700+45"]

1. e4 d5 2. exd5 Qxd5 3. Nc3 Qd6 4. Bc4 Nf6 5. d4 a6 6. Nge2 b5 7. Bd3 Bb7 8. f3
e6 9. Bf4 Qd7 10. Ne4 Nxe4 11. Bxe4 Bxe4 12. fxe4 Bd6 13. O-O O-O 14. c3 Nc6 15.
Bxd6 cxd6 16. Ng3 Na5 17. Qe2 d5 18. e5 f6 {Game drawn by mutual agreement}
1/2-1/2

[Event "Team 45 45 League T93"]
[Site "Internet Chess Club"]
[Date "2022.07.27"]
[Round "3"]
[White "ChessMaine"]
[Black "hewdondada"]
[Result "0-1"]
[WhiteElo "1418"]
[BlackElo "1666"]
[Opening "Queen's pawn game"]
[ECO "D00"]
[Time "20:00:27"]
[PlyCount "72"]
[TimeControl "2700+45"]

1. d4 d5 2. e3 Bf5 3. c4 c6 4. Nf3 h6 5. Nc3 e6 6. cxd5 exd5 7. Be2 Nf6 8. O-O
Bd6 9. Bd3 Bxd3 10. Qxd3 O-O 11. e4 dxe4 12. Nxe4 Nxe4 13. Qxe4 Re8 14. Qg4 Qf6
15. Bd2 Na6 16. a3 Rad8 17. Bc3 Qe6 18. Qh5 Nc7 19. Rfe1 Qd5 20. Qg4 Re6 21. Ne5
Rde8 22. Re3 Bxe5 23. dxe5 Nb5 24. Rd1 Qa2 25. Rg3 g6 26. Rh3 Nxc3 27. bxc3 Rxe5
28. g3 Re1+ 29. Rxe1 Rxe1+ 30. Kg2 Qd5+ 31. Qf3 Rg1+ 32. Kxg1 Qxf3 33. Rxh6 Qxc3
34. Rh4 Qxa3 35. Re4 Qb3 36. Re7 a5 {White resigns} 0-1

[Event "Team 45 45 League T93"]
[Site "Internet Chess Club"]
[Date "2022.07.31"]
[Round "3"]
[White "ChessG2011"]
[Black "blind-warrior"]
[Result "1-0"]
[WhiteElo "1482"]
[BlackElo "1297"]
[Opening "Sicilian: dragon, classical, Richter variation"]
[ECO "B73"]
[Time "20:00:25"]
[PlyCount "112"]
[TimeControl "2700+45"]

1. e4 c5 2. Nf3 d6 3. d4 cxd4 4. Nxd4 Nf6 5. Nc3 g6 6. Be2 Bg7 7. Be3 O-O 8. O-O
Nc6 9. Qd2 Bd7 10. Rad1 a6 11. f3 Nxd4 12. Bxd4 e6 13. Be3 Ne8 14. b3 Rc8 15.
Nb1 b5 16. c4 bxc4 17. Bxc4 Bb5 18. Bxb5 axb5 19. Rc1 Rxc1 20. Rxc1 Qf6 21. Nc3
Nc7 22. Qxd6 Qe5 23. Bf4 Qd4+ 24. Qxd4 Bxd4+ 25. Kf1 e5 26. Bg3 Ra8 27. Ne2 Ne6
28. Nxd4 exd4 29. Rc2 Kg7 30. Rd2 f6 31. Bf2 Rd8 32. Ke2 Nf4+ 33. Kf1 d3 34. g3
Ne2 35. a4 bxa4 36. bxa4 Nc3 37. a5 Nb1 38. Rd1 d2 39. Be3 Rd3 40. Kf2 Rb3 41.
Bxd2 Rb2 42. Ke3 Rb3+ 43. Ke2 Rb2 44. Ke1 Nxd2 45. Rxd2 Rb1+ 46. Ke2 Ra1 47. Rd5
h6 48. Rd7+ Kf8 49. Ra7 h5 50. a6 g5 51. Ra8+ Ke7 52. a7 Ra2+ 53. Ke3 Ra3+ 54.
Kd2 Ra6 55. f4 Rd6+ 56. Ke3 h4 {Black resigns} 1-0

[Event "Team 45 45 League T93"]
[Site "Internet Chess Club"]
[Date "2022.07.31"]
[Round "3"]
[White "Denis240964"]
[Black "Gojira"]
[Result "0-1"]
[WhiteElo "1425"]
[BlackElo "1545"]
[Opening "Sicilian: accelerated fianchetto, modern variation"]
[ECO "B34"]
[Time "08:32:24"]
[PlyCount "96"]
[TimeControl "2700+45"]

1. e4 c5 2. Nf3 g6 3. d4 cxd4 4. Nxd4 Nc6 5. Nc3 Bg7 6. Nf3 Nf6 7. Be2 O-O 8.
O-O d6 9. h3 b6 10. Be3 Bb7 11. Qd2 Rc8 12. Bh6 Nb4 13. Bxg7 Kxg7 14. Bd3 Nxd3
15. cxd3 Re8 16. Rac1 e5 17. Rc2 d5 18. Re1 Qc7 19. exd5 Nxd5 20. a3 f6 21. Rec1
Qd7 22. Ne1 Red8 23. g3 Qc6 24. Ne4 Qe6 25. Kh2 Ne7 26. f3 Nc6 27. Kg2 Nd4 28.
Rxc8 Rxc8 29. Rxc8 Qxc8 30. Kf2 Qxh3 31. Qb4 Qd7 32. Nd6 Nc6 33. Qc3 Qxd6 34. b4
Qd4+ 35. Qxd4 Nxd4 36. Ke3 Nb5 37. Nc2 Bd5 38. a4 Bb3 39. d4 exd4+ 40. Nxd4 Nxd4
41. Kxd4 Bxa4 42. Kd5 a5 43. bxa5 bxa5 44. Kc5 Bd1 45. f4 f5 46. Kb5 a4 47. Kb4
h5 48. Ka3 g5 {White resigns} 0-1

[Event "Team 45 45 League T93"]
[Site "Internet Chess Club"]
[Date "2022.07.29"]
[Round "3"]
[White "rkjulianjr"]
[Black "gregorgg"]
[Result "0-1"]
[WhiteElo "1304"]
[BlackElo "1428"]
[Opening "Neo-Grünfeld defense"]
[ECO "D70"]
[Time "15:05:07"]
[PlyCount "74"]
[TimeControl "2700+45"]

1. d4 Nf6 2. c4 g6 3. f3 d5 4. cxd5 Nxd5 5. e4 Nb6 6. Bb5+ c6 7. Ba4 Nxa4 8.
Qxa4 Bg7 9. Ne2 b5 10. Qd1 c5 11. Be3 O-O 12. Qd2 Nc6 13. dxc5 Qxd2+ 14. Nxd2
Rd8 15. O-O Nb4 16. Rad1 Bxb2 17. Nb3 Be6 18. Ned4 Bc4 19. Rf2 Nd3 20. Rxd3 Bxd3
21. Rxb2 Rac8 22. Kf2 Kg7 23. Bf4 Kg8 24. c6 Bc4 25. Rd2 f6 26. e5 fxe5 27. Bxe5
Bxb3 28. Nxb3 Rxd2+ 29. Nxd2 Rxc6 30. Ke3 Rc2 31. a3 Ra2 32. Nb1 Rxg2 33. Nc3
Rb2 34. a4 bxa4 35. Nxa4 Rb3+ 36. Nc3 Kf7 37. Kd4 Ke6 {White forfeits on time}
0-1

[Event "Team 45 45 League T93"]
[Site "Internet Chess Club"]
[Date "2022.07.30"]
[Round "3"]
[White "DaveTheRook"]
[Black "seldredg"]
[Result "0-1"]
[WhiteElo "1376"]
[BlackElo "1295"]
[Opening "Santasiere's folly"]
[ECO "A00"]
[Time "14:00:50"]
[PlyCount "66"]
[TimeControl "2700+45"]

1. b4 d5 2. Nf3 b6 3. Bb2 Bb7 4. e3 Nd7 5. d4 Ngf6 6. a3 Ne4 7. Nbd2 Nxd2 8.
Qxd2 e6 9. Be2 Bd6 10. O-O f5 11. Rac1 Nf6 12. Bb5+ c6 13. Bd3 O-O 14. Qe2 h6
15. c4 Qe8 16. cxd5 cxd5 17. h3 Rc8 18. Rxc8 Bxc8 19. Rc1 Bd7 20. Ne5 Bxe5 21.
dxe5 Ne4 22. Ba6 Ba4 23. Rc7 Qb8 24. Rb7 Qa8 25. Qh5 Be8 26. Qh4 Rf7 27. Rxf7
Bxf7 28. Qe7 Qb8 29. Bc8 Qxc8 30. Qxa7 Qc2 31. Bd4 Qxf2+ 32. Kh2 f4 33. exf4
Qxd4 {White resigns} 0-1

[Event "Team 45 45 League T93"]
[Site "Internet Chess Club"]
[Date "2022.07.30"]
[Round "3"]
[White "CMAlge"]
[Black "rhayder"]
[Result "1-0"]
[WhiteElo "1231"]
[BlackElo "1035"]
[Opening "Queen's pawn: Chigorin variation"]
[ECO "D00"]
[Time "17:07:15"]
[PlyCount "29"]
[TimeControl "2700+45"]

1. d4 d5 2. Nc3 Nf6 3. Bf4 c5 4. e3 cxd4 5. exd4 Bg4 6. f3 Bd7 7. Nb5 Bxb5 8.
Bxb5+ Nc6 9. c3 a6 10. Bd3 Qa5 11. b4 Nxb4 12. cxb4 Qxb4+ 13. Qd2 Qxd4 14. Bb5+
Nd7 15. Qxd4 {Black resigns} 1-0

[Event "Team 45 45 League T93"]
[Site "Internet Chess Club"]
[Date "2022.07.30"]
[Round "3"]
[White "NATYNL09"]
[Black "OGO"]
[Result "1-0"]
[WhiteElo "1197"]
[BlackElo "1255"]
[Opening "Giuoco Pianissimo: Italian four knights variation"]
[ECO "C50"]
[Time "13:00:58"]
[PlyCount "99"]
[TimeControl "2700+45"]

1. e4 e5 2. Nf3 Nc6 3. Bc4 Bc5 4. d3 Nf6 5. Nc3 O-O 6. Bg5 h6 7. Bh4 Bd4 8. Nd5
Bxb2 9. Nxf6+ Kh8 10. Nd5 f6 11. Rb1 Ba3 12. O-O Be7 13. Nxe7 Nxe7 14. Qd2 d5
15. Bb3 Bg4 16. Ne1 dxe4 17. dxe4 Qxd2 18. h3 Bd7 19. Nf3 Qc3 20. Rfd1 Qc6 21.
Rd3 Bg4 22. hxg4 Qxe4 23. Nh2 Rad8 24. f3 Qe2 25. Re1 Qxd3 26. cxd3 Rxd3 27. Bc2
Rd2 28. Bb1 Rfd8 29. Nf1 Rb2 30. Be4 g5 31. Bg3 c6 32. a4 c5 33. Rc1 b6 34. Ra1
Kg7 35. a5 b5 36. Bf2 c4 37. Bxa7 c3 38. Bb6 Rc8 39. Ne3 Re2 40. a6 b4 41. a7 b3
42. a8=Q Rxa8 43. Rxa8 c2 44. Bxc2 bxc2 45. Nxc2 Rxc2 46. Ra7 Kf7 47. Bd8 Rc1+
48. Kh2 Rd1 49. Bxe7 Kg6 50. Ra6 {Black resigns} 1-0

[Event "Team 45 45 League T93"]
[Site "Internet Chess Club"]
[Date "2022.07.28"]
[Round "3"]
[White "bardu"]
[Black "howah45"]
[Result "0-1"]
[WhiteElo "1222"]
[BlackElo "1171"]
[Opening "QGD: Semi-Tarrasch defense"]
[ECO "D40"]
[Time "21:15:53"]
[PlyCount "50"]
[TimeControl "2700+45"]

1. d4 d5 2. c4 e6 3. Nc3 Nf6 4. Nf3 c5 5. e3 Nc6 6. Be2 Be7 7. O-O O-O 8. Qc2
Re8 9. b3 Nb4 10. Qd2 Nc6 11. Bb2 b6 12. cxd5 exd5 13. Bb5 Bd7 14. Bxc6 Bxc6 15.
Ne5 Bd7 16. Nxd7 Qxd7 17. Qe2 cxd4 18. exd4 Ba3 19. Qc2 Bxb2 20. Qxb2 Ne4 21.
Nxe4 Rxe4 22. Rfe1 Rae8 23. Qd2 Qe7 24. h3 Rxe1+ 25. Rxe1 Qxe1+ {White resigns}
0-1

[Event "Team 45 45 League T93"]
[Site "Internet Chess Club"]
[Date "2022.08.01"]
[Round "3"]
[White "Alisson27"]
[Black "tamky70"]
[Result "0-1"]
[WhiteElo "872"]
[BlackElo "1242"]
[Opening "Pirc: classical (two knights) system"]
[ECO "B08"]
[Time "14:00:24"]
[PlyCount "52"]
[TimeControl "2700+45"]

1. e4 Nf6 2. Nc3 d6 3. d4 g6 4. Nf3 Bg7 5. e5 dxe5 6. Nxe5 O-O 7. Bd3 c6 8. Be3
Nbd7 9. O-O Nb6 10. Qf3 Nbd5 11. Be4 Nxe4 12. Qxe4 Bf5 13. Qh4 Nxc3 14. bxc3
Bxc2 15. Rfe1 e6 16. Qh3 Qa5 17. Bh6 Bf5 18. Qh4 Qxc3 19. Rac1 Qb2 20. Bxg7 Kxg7
21. Ra1 Rad8 22. Red1 c5 23. dxc5 Rxd1+ 24. Rxd1 Qxe5 25. Rd7 Qa1+ 26. Rd1 Qxd1#
{White checkmated} 0-1

[Event "Team 45 45 League T93"]
[Site "Internet Chess Club"]
[Date "2022.07.28"]
[Round "3"]
[White "burlap"]
[Black "BlueStorm"]
[Result "1-0"]
[WhiteElo "1463"]
[BlackElo "1390"]
[Opening "Modern defense"]
[ECO "A40"]
[Time "22:32:12"]
[PlyCount "109"]
[TimeControl "2700+45"]

1. d4 g6 2. Bf4 Bg7 3. e3 c6 4. c3 Qb6 5. Qc2 d5 6. Bd3 Nf6 7. h3 Nbd7 8. Nf3 c5
9. Nbd2 c4 10. Be2 O-O 11. O-O Nh5 12. Bh2 f5 13. Ne5 Nhf6 14. Ndf3 Nxe5 15.
Nxe5 Nd7 16. Nf3 Re8 17. Rfe1 e5 18. dxe5 Nxe5 19. Rad1 Qc5 20. Qd2 b5 21. Bxe5
Bxe5 22. Qxd5+ Qxd5 23. Rxd5 Bg7 24. Rxb5 Be6 25. Ne5 Bxe5 26. Rxe5 Kf7 27. b3
cxb3 28. axb3 Bxb3 29. Rxe8 Kxe8 30. Bb5+ Ke7 31. Rb1 Be6 32. Ba6 Bc8 33. Bxc8
Rxc8 34. Rb7+ Kd6 35. Rxa7 Rxc3 36. Rxh7 Ke6 37. Kh2 Rc2 38. Kg3 Rc3 39. Kf4 Kf6
40. g4 g5+ 41. Kf3 f4 42. Rh6+ Kg7 43. Rh5 Kg6 44. h4 fxe3 45. Rxg5+ Kh6 46.
fxe3 Rc1 47. e4 Rh1 48. e5 Rxh4 49. Kf4 Rh1 50. Rh5+ Rxh5 51. gxh5 Kxh5 52. Kf5
Kh6 53. Kf6 Kh7 54. e6 Kg8 55. e7 {Black resigns} 1-0

[Event "Team 45 45 League T93"]
[Site "Internet Chess Club"]
[Date "2022.07.31"]
[Round "3"]
[White "Knightburgler"]
[Black "kabindra"]
[Result "0-1"]
[WhiteElo "1154"]
[BlackElo "1724"]
[Opening "Queen's pawn: Chigorin variation"]
[ECO "D00"]
[Time "12:00:29"]
[PlyCount "82"]
[TimeControl "2700+45"]

1. d4 d5 2. Nc3 Bf5 3. Bf4 Nf6 4. Nb5 Na6 5. e3 c6 6. Nc3 e6 7. Bxa6 bxa6 8. Nf3
Qb6 9. Na4 Qb5 10. c3 Be7 11. Ne5 O-O 12. c4 dxc4 13. O-O Nd5 14. Nd7 Rfd8 15.
Ndc5 Nb4 16. Nc3 Qb6 17. N3e4 Nd3 18. Nxd3 Bxe4 19. Ne5 Qb5 20. f3 Bd3 21. Rf2
f6 22. a4 Qd5 23. Nxd3 cxd3 24. Qxd3 e5 25. Bg3 exd4 26. e4 Qa5 27. Rc2 c5 28.
Rc4 Qb6 29. Rb1 a5 30. e5 Qa6 31. exf6 Qxf6 32. Re1 Rac8 33. Re5 Bd6 34. Rf5 Qe6
35. f4 g6 36. Rcxc5 Bxc5 37. Re5 Qb6 38. Qc4+ Kh8 39. Kh1 d3 40. f5 d2 41. Rd5
d1=Q+ {White resigns} 0-1